 Dungeon Crawl Stone Soup version 0.26-a0-639-g72c4674329 (webtiles) character file.

Game seed: 2140398027463920231

60116 Migumi the Protected (level 14, -4/113 HPs)
             Began as a Gnoll Wanderer on Sept 17, 2020.
             Was the Champion of Ru.
             Slain by an enormous slime creature (50 damage)
             ... on level 1 of the Depths.
             The game lasted 01:39:52 (21366 turns).

Migumi the Protected (Gnoll Wanderer)              Turns: 21366, Time: 01:39:53

Health: -4/113     AC: 30    Str: 28    XL:     14   Next: 98%
Magic:  20/24      EV: 13    Int: 20    God:    Ru [******]
Gold:   997        SH: 10    Dex: 14    Spells: 32/32 levels left

rFire    x . .     SeeInvis .   d - +6 trident "Ogreslayer" {vorpal, Str+7}
rCold    x . .     Faith    .   z - +0 buckler
rNeg     . . .     Spirit   .   c - +2 crystal plate armour
rPois    +         Reflect  +   T - +0 helmet of the Tortoise {Rampage Str+4 Int+4}
rElec    .         Harm     .   N - +2 cloak
rCorr    .         Rampage  +   j - +1 pair of gloves
MR       +....                  L - +2 pair of boots
Stlth    ..........             R - amulet of reflection
HPRegen  0.28/turn              n - +4 ring of evasion
MPRegen  0.19/turn              q - ring of poison resistance

@: exhausted, hasted, very heavily drained, very quick
A: distributed training, fangs 1, talons 1, camouflage 1, clumsy 1, low mp 1, no
stealth, hated by all, no conjurations magic, no fire magic, no transmutations
magic, temperature sensitive, sturdy frame 1, strong nose
a: Draw Out Power, Power Leap, Apocalypse, Renounce Religion


You were on level 1 of the Depths.
You worshipped Ru.
Ru was exalted by your worship.
You visited 3 branches of the dungeon, and saw 17 of its levels.
You also visited: Bailey.

You collected 1117 gold pieces.
You spent 120 gold pieces at shops.

Inventory:

Hand Weapons
 b - a +0 hunting sling
 d - the +6 trident "Ogreslayer" (weapon) {vorpal, Str+7}
   (You took it off a centaur warrior on level 13 of the Dungeon)

   It inflicts extra damage upon your enemies.
   It affects your strength (+7).
 s - a +1 trident of freezing
 P - a +2 flail of holy wrath
Missiles
 r - a throwing net
 D - 32 poisoned darts (quivered)
 H - 55 sling bullets
 V - 7 boomerangs of dispersal
 W - 4 atropa-tipped darts
Armour
 c - a +2 crystal plate armour (worn)
 j - a +1 pair of gloves (worn)
 z - a +0 buckler (worn)
 F - the +3 crown of Dyrovepreva {rElec Int+2 SInv}
   (You found it on level 5 of the Dungeon)

   It affects your intelligence (+2).
   It insulates you from electricity.
   It lets you see invisible.
 L - a +2 pair of boots (worn)
 N - a +2 cloak (worn)
 S - +0 fire dragon scales
 T - the +0 helmet of the Tortoise (worn) {Rampage Str+4 Int+4}
   (You found it in a bailey)

   It affects your strength (+4).
   It affects your intelligence (+4).
   It bestows one free step when moving towards enemies.
Jewellery
 m - an uncursed ring of flight
 n - a +4 ring of evasion (left hand)
 o - an uncursed amulet of guardian spirit
 p - a +6 ring of dexterity
 q - a ring of poison resistance (right hand)
 E - an uncursed amulet of magic regeneration
 R - an amulet of reflection (around neck)
 U - an uncursed amulet of regeneration
Wands
 g - a wand of random effects (12)
 y - a wand of flame (9)
 B - a wand of paralysis (7)
 I - a wand of acid (19)
 X - a wand of iceblast (20)
 Z - a wand of digging (3)
Scrolls
 e - 7 scrolls of amnesia
 f - 2 scrolls of fog
 i - a scroll of identify
 k - 9 scrolls of remove curse
 l - 3 scrolls of teleportation
 t - a scroll of fear
 u - 3 scrolls of magic mapping
 C - 2 scrolls of blinking
 G - a scroll of enchant armour
 Q - a scroll of acquirement {unknown}
Potions
 a - a potion of invisibility
 h - a potion of brilliance
 w - 2 potions of resistance
 x - a potion of ambrosia {unknown}
 A - a potion of stabbing {unknown}
 K - 2 potions of haste
 M - a potion of flight
 O - 2 potions of curing {unknown}
 Y - 2 potions of berserk rage {unknown}
Miscellaneous
 v - a condenser vane (2/2)


   Skills:
 + Level 11.5(6.9) Fighting
 + Level 10.0(5.6) Short Blades
 + Level 9.6(5.3) Long Blades
 + Level 9.6(5.3) Axes
 + Level 9.6(5.3) Maces & Flails
 + Level 9.6(5.3) Polearms
 + Level 9.6(5.3) Staves
 + Level 9.6(5.3) Slings
 + Level 9.6(5.3) Bows
 + Level 9.6(5.3) Crossbows
 + Level 10.0(5.6) Throwing
 + Level 11.5(6.9) Armour
 + Level 10.0(5.6) Dodging
   Level 0.0 Stealth
 + Level 10.0(5.6) Shields
 + Level 9.6(5.3) Unarmed Combat
 + Level 9.6(5.3) Spellcasting
   Level 0.0 Conjurations
 + Level 8.1(3.9) Hexes
 + Level 6.3(2.3) Summonings
 + Level 8.1(3.9) Necromancy
 + Level 8.1(3.9) Translocations
   Level 0.0 Transmutations
   Level 0.0 Fire Magic
 + Level 8.1(3.9) Ice Magic
 + Level 8.1(3.9) Air Magic
 + Level 8.1(3.9) Earth Magic
 + Level 8.1(3.9) Poison Magic
 + Level 10.4(6.0) Invocations
 + Level 9.6(5.3) Evocations


You had 32 spell levels left.
You didn't know any spells.
Your spell library contained the following spells:

 Spells                   Type           Power        Failure   Level
 Sandblast                Erth           ###...       45%         1
 Lee's Rapid Deconstruct  Erth           ###.......   100%        5
 Shatter                  Erth           ###.......   100%        9
 Tornado                  Air            ###.......   100%        9
 Passwall                 Tmut/Erth      Unusable     N/A         2
 Beastly Appendage        Tmut           Unusable     N/A         1
 Magic Dart               Conj           Unusable     N/A         1
 Searing Ray              Conj           Unusable     N/A         2
 Wereblood                Tmut           Unusable     N/A         2
 Dazzling Flash           Conj/Hex       Unusable     N/A         3
 Spider Form              Tmut/Pois      Unusable     N/A         3
 Static Discharge         Conj/Air       Unusable     N/A         3
 Stone Arrow              Conj/Erth      Unusable     N/A         3
 Fulminant Prism          Conj/Hex       Unusable     N/A         4
 Ice Form                 Ice/Tmut       Unusable     N/A         4
 Iskenderun's Mystic Bla  Conj/Tloc      Unusable     N/A         4
 Petrify                  Tmut/Erth      Unusable     N/A         4
 Blade Hands              Tmut           Unusable     N/A         5
 Bolt of Magma            Conj/Fire/Erth Unusable     N/A         5
 Iskenderun's Battlesphe  Conj           Unusable     N/A         5
 Lightning Bolt           Conj/Air       Unusable     N/A         5
 Iron Shot                Conj/Erth      Unusable     N/A         6
 Orb of Destruction       Conj           Unusable     N/A         7
 Spellforged Servitor     Conj/Summ      Unusable     N/A         7
 Ignition                 Fire           Unusable     N/A         8

Dungeon Overview and Level Annotations

Branches:
Dungeon (15/15)            Temple (1/1) D:4            Lair (0/6) D:9
    Orc (0/2) D:10         Vaults (0/5) D:13         Depths (1/5) D:15
 Bailey (visited)

Altars:
Ashenzari
Cheibriados
Dithmenos
Elyvilon
Fedhas
Gozag
Hepliaklqana
Kikubaaqudgha
Makhleb
Nemelex Xobeh
Okawaru
Qazlal
Ru
Sif Muna
Trog
Uskayaw
Vehumet
Wu Jian
Xom
Yredelemnul
Zin
The Shining One

Shops:
D:6 !   D:15 !


Innate Abilities, Weirdness & Mutations

Your experience applies equally to all skills.
You have very sharp teeth.
Your magical capacity is low. (-10% MP)
You cannot be stealthy.
You are hated by all.
You cannot study or cast Conjurations magic.
You cannot study or cast Fire magic.
You cannot study or cast Transmutations magic.
You are sensitive to extremes of temperature. (rF-, rC-)
Your uncanny sense of smell can sniff out nearby items.
You have sharp toenails.
Your skin changes colour to match your surroundings (Stealth+).
You are clumsy. (Dex -2)
Your movements are slightly less encumbered by armour. (ER -2)


Message History

The brown very ugly thing is almost dead.
The brown very ugly thing closely misses you.
You closely miss the brown very ugly thing.
The brown very ugly thing is almost dead.
You block the brown very ugly thing's attack.
You puncture the brown very ugly thing!
You kill the brown very ugly thing!
The ogre mage falters for a moment.
You rampage towards the enormous slime creature!
You puncture the enormous slime creature!
The enormous slime creature is heavily wounded.
You block the enormous slime creature's attack.
The ogre mage begins to cast a spell, but is stunned by your will!
You hit the enormous slime creature. You bite the enormous slime creature.
The enormous slime creature is severely wounded.
You block the enormous slime creature's attack.
You puncture the enormous slime creature!
The enormous slime creature is severely wounded.
The enormous slime creature hits you!!!
You die...

∆∆∆∆ ∆ J .J. ###..J.
##############....##
#.†...).(@JOOOO...'.
#.############....##
#. ....# #. ....# ##
....# ....# ....#
.....


You could see an enormous slime creature, 3 two-headed ogres and an ogre mage.

Vanquished Creatures
  A fire giant (D:13)
  A stone giant (Depths:1)
  A very ugly thing (Depths:1)
  Snorg (D:14)
  A fire dragon (Depths:1)
  Harold (D:8)
  An ice dragon (shapeshifter) (D:11)
  3 hydras
  6 two-headed ogres
  8 centaur warriors
  A death knight (D:15)
  2 ogre magi
  A tengu warrior (D:13)
  A skeletal warrior (D:13)
  3 unseen horrors
  A wizard (D:15)
  2 necromancers
  An orc knight (Bailey)
  2 phantasmal warriors (D:15)
  A deep elf archer (D:13)
  A sphinx zombie (Depths:1)
  5 ugly things
  A manticore (D:12)
  A manticore (shapeshifter) (D:14)
  An orc sorcerer (D:15)
  3 slime creatures
  4 cyclopes
  3 deep elf magi
  4 gargoyles
  A spriggan zombie (Depths:1)
  3 kobold demonologists
  An efreet (D:14)
  4 rime drakes
  4 centaur skeletons
  8 yaktaurs (D:13)
  A freezing wraith (D:14)
  A redback zombie (D:15)
  A yaktaur (shapeshifter) (D:14)
  A tengu conjurer (D:14)
  A meliai (shapeshifter) (Depths:1)
  9 trolls
  A meliai zombie (D:11)
  A wind drake (shapeshifter) (D:14)
  A fire giant simulacrum (Depths:1)
  12 hippogriffs
  A hippogriff (shapeshifter) (D:15)
  A centaur simulacrum (D:15)
  2 redbacks (D:14)
  A shadow (D:14)
  7 wyverns
  7 yaks
  5 basilisks
  A tarantella (D:14)
  4 wraiths
  A water elemental (D:13)
  Eustachio (D:4)
  Edmund (D:4)
  3 soldier ants
  An acid dragon (D:15)
  An acid dragon (shapeshifter) (D:15)
  2 water moccasins
  3 hell hounds
  A porcupine (D:9)
  A swamp drake (D:10)
  5 sky beasts
  15 orc warriors
  4 black bears
  A meliai simulacrum (D:15)
  3 phantoms
  4 ice beasts
  11 ogres
  23 centaurs
  2 crocodiles
  5 big kobolds
  Blork the orc (D:4)
  9 bullfrogs
  A wyvern skeleton (D:13)
  A hornet simulacrum (D:15)
  2 scorpions
  8 wights
  6 killer bees
  7 howler monkeys
  An electric eel (D:13)
  5 centaur zombies
  3 bullfrog zombies
  6 hounds
  4 bullfrog skeletons
  6 jellies
  6 iguanas
  12 orc priests
  A gnoll shaman (D:4)
  11 orc wizards
  15 worker ants
  A hound skeleton (D:10)
  A worker ant zombie (D:5)
  A howler monkey skeleton (D:8)
  8 gnolls
  11 adders
  A shadow imp (D:5)
  An ufetubus (D:7)
  3 oozes
  3 adder skeletons
  A worm (D:2)
  A dart slug (D:1)
  4 leopard geckos
  75 orcs
  3 giant cockroaches (D:1)
  7 goblins
  6 hobgoblins
  8 jackals
  6 quokkas
  7 bats
  5 frilled lizards
  A jackal skeleton (D:4)
  21 kobolds
  A leopard gecko zombie (D:5)
  A quokka skeleton (D:4)
  A quokka zombie (D:9)
  5 rats
517 creatures vanquished.

Vanquished Creatures (others)
  A deep elf mage (D:15)
  A centaur skeleton (D:10)
  2 yaks (D:14)
  2 orc warriors
  An ogre (D:11)
  2 orcs
  A kobold (D:8)
  2 fungi (D:9)
  6 plants
18 creatures vanquished.

Grand Total: 535 creatures vanquished

Notes
Turn   | Place    | Note
-------+----------+-------------------------------------------
     0 | D:1      | Migumi the Gnoll Wanderer began the quest for the Orb.
     0 | D:1      | Migumi set off with the following items: a +0 short sword,
                  | a +2 scale mail, 9 poisoned darts, a +0 dagger
     0 | D:1      | Reached XP level 1. HP: 23/23 MP: 1/1
   130 | D:1      | Reached XP level 2. HP: 29/29 MP: 2/2
   479 | D:1      | Reached XP level 3. HP: 35/35 MP: 3/3
  1013 | D:2      | Reached skill level 1 in Invocations
  1254 | D:2      | Reached skill level 1 in Long Blades
  1254 | D:2      | Reached skill level 1 in Axes
  1254 | D:2      | Reached skill level 1 in Maces & Flails
  1254 | D:2      | Reached skill level 1 in Polearms
  1254 | D:2      | Reached skill level 1 in Staves
  1254 | D:2      | Reached skill level 1 in Slings
  1254 | D:2      | Reached skill level 1 in Bows
  1254 | D:2      | Reached skill level 1 in Crossbows
  1254 | D:2      | Reached skill level 1 in Stealth
  1254 | D:2      | Reached skill level 1 in Unarmed Combat
  1254 | D:2      | Reached skill level 1 in Spellcasting
  1254 | D:2      | Reached skill level 1 in Evocations
  1444 | D:2      | Reached XP level 4. HP: 41/41 MP: 5/5
  1653 | D:3      | Reached skill level 1 in Conjurations
  1653 | D:3      | Reached skill level 1 in Hexes
  1653 | D:3      | Reached skill level 1 in Summonings
  1653 | D:3      | Reached skill level 1 in Necromancy
  1653 | D:3      | Reached skill level 1 in Translocations
  1653 | D:3      | Reached skill level 1 in Transmutations
  1653 | D:3      | Reached skill level 1 in Fire Magic
  1653 | D:3      | Reached skill level 1 in Ice Magic
  1653 | D:3      | Reached skill level 1 in Air Magic
  1653 | D:3      | Reached skill level 1 in Earth Magic
  1653 | D:3      | Reached skill level 1 in Poison Magic
  1683 | D:3      | Reached XP level 5. HP: 42/47 MP: 6/6
  2171 | D:3      | Noticed an ogre
  2201 | D:3      | Reached XP level 6. HP: 53/53 MP: 8/8
  2503 | D:4      | Noticed Edmund
  2523 | D:4      | Killed Edmund
  2615 | D:4      | Noticed Blork the orc
  2626 | D:4      | Killed Blork the orc
  2701 | D:4      | Noticed Eustachio
  2714 | D:4      | Noticed a phantom
  2730 | D:4      | Reached XP level 7. HP: 48/59 MP: 10/10
  2749 | D:4      | Killed Eustachio
  3053 | D:4      | Found a staircase to the Ecumenical Temple.
  3081 | Temple   | Entered the Ecumenical Temple
  3327 | Temple   | Became a worshipper of Ru the Awakened
  3550 | D:4      | Reached XP level 8. HP: 25/67 MP: 12/12
  4112 | D:4      | Found a shadowy altar of Dithmenos.
  4273 | D:5      | Entered Level 5 of the Dungeon
  4338 | D:5      | Got a faintly glowing bronze ring
  4339 | D:5      | Identified the ring "Ytiuqa Utaf" {Ice +Inv Str-2 Int+4
                  | Stlth+} (You found it on level 5 of the Dungeon)
  4363 | D:5      | Found the +3 crown of Dyrovepreva {rElec Int+2 SInv}
  4537 | D:5      | Gained mutation: Your magical capacity is low. (-10% MP)
                  | [Ru sacrifice]
  4694 | D:5      | Found a radiant altar of Vehumet.
  5505 | D:6      | Found an opulent altar of Gozag.
  5549 | D:6      | Reached XP level 9. HP: 68/73 MP: 13/13
  5786 | D:6      | Found Banlaw's Distillery.
  5885 | D:6      | Gained mutation: You cannot be stealthy. [Ru sacrifice]
  5885 | D:6      | Reached * piety under Ru
  6154 | D:7      | Reached skill level 5 in Short Blades
  6154 | D:7      | Reached skill level 5 in Throwing
  6154 | D:7      | Reached skill level 5 in Dodging
  6154 | D:7      | Reached skill level 5 in Shields
  7087 | D:8      | Reached skill level 5 in Invocations
  7090 | D:8      | Found an iron altar of Okawaru.
  7127 | D:8      | Found a flagged portal.
  7160 | Bailey   | Entered a bailey
  7760 | Bailey   | Gained mutation: You are sensitive to extremes of
                  | temperature. (rF-, rC-) [Ru sacrifice]
  7760 | Bailey   | Reached ** piety under Ru
  7760 | Bailey   | Reached *** piety under Ru
  7917 | Bailey   | Noticed an orc knight
  7935 | Bailey   | Reached XP level 10. HP: 80/80 MP: 15/15
  7996 | Bailey   | Killed an orc knight
  7996 | Bailey   | Reached skill level 5 in Long Blades
  7996 | Bailey   | Reached skill level 5 in Axes
  7996 | Bailey   | Reached skill level 5 in Maces & Flails
  7996 | Bailey   | Reached skill level 5 in Polearms
  7996 | Bailey   | Reached skill level 5 in Staves
  7996 | Bailey   | Reached skill level 5 in Slings
  7996 | Bailey   | Reached skill level 5 in Bows
  7996 | Bailey   | Reached skill level 5 in Crossbows
  7996 | Bailey   | Reached skill level 5 in Unarmed Combat
  7996 | Bailey   | Reached skill level 5 in Spellcasting
  7996 | Bailey   | Reached skill level 5 in Evocations
  8580 | Bailey   | Got an encrusted helmet
  8601 | Bailey   | Identified the +0 helmet of the Tortoise {Rampage Str+4
                  | Int+4} (You found it in a bailey)
  8805 | D:8      | Found a glowing golden altar of the Shining One.
  9233 | D:8      | Noticed Harold
  9279 | D:8      | Killed an unseen horror
  9303 | D:8      | Killed Harold
  9992 | D:9      | Gained mutation: You are hated by all. [Ru sacrifice]
  9992 | D:9      | Reached **** piety under Ru
  9992 | D:9      | Reached ***** piety under Ru
 10098 | D:9      | Reached XP level 11. HP: 74/87 MP: 17/17
 10401 | D:9      | Reached skill level 1 in Summonings
 10406 | D:9      | Found a staircase to the Lair.
 10434 | D:9      | Reached skill level 5 in Conjurations
 10434 | D:9      | Reached skill level 5 in Hexes
 10434 | D:9      | Reached skill level 5 in Necromancy
 10434 | D:9      | Reached skill level 5 in Translocations
 10434 | D:9      | Reached skill level 5 in Transmutations
 10434 | D:9      | Reached skill level 5 in Fire Magic
 10434 | D:9      | Reached skill level 5 in Ice Magic
 10434 | D:9      | Reached skill level 5 in Air Magic
 10434 | D:9      | Reached skill level 5 in Earth Magic
 10434 | D:9      | Reached skill level 5 in Poison Magic
 10858 | D:9      | Found a shattered altar of Ashenzari.
 11220 | D:10     | Entered Level 10 of the Dungeon
 11333 | D:10     | Gained mutation: You cannot study or cast Fire magic. [Ru
                  | sacrifice]
 11333 | D:10     | Gained mutation: You cannot study or cast Transmutations
                  | magic. [Ru sacrifice]
 11333 | D:10     | Gained mutation: You cannot study or cast Conjurations
                  | magic. [Ru sacrifice]
 11333 | D:10     | Reached ****** piety under Ru
 11426 | D:10     | Found a radiant altar of Vehumet.
 11846 | D:10     | Found a staircase to the Orcish Mines.
 11947 | D:10     | Gained mutation: You are weak. (Str -2) [potion of
                  | mutation]
 11947 | D:10     | Gained mutation: You occasionally shout uncontrollably at
                  | your foes. [potion of mutation]
 11947 | D:10     | Gained mutation: Your movements are slightly less
                  | encumbered by armour. (ER -2) [potion of mutation]
 12784 | D:11     | Noticed a centaur warrior
 12789 | D:11     | Noticed an unseen horror
 12796 | D:11     | Killed an unseen horror
 12808 | D:11     | Killed a centaur warrior
 13045 | D:11     | Noticed an ice dragon
 13051 | D:11     | Killed an ice dragon
 13705 | D:11     | You fall into a shaft and drop 1 floor!
 13715 | D:12     | Reached XP level 12. HP: 96/96 MP: 20/20
 13757 | D:12     | Noticed a two-headed ogre
 13772 | D:12     | Killed a two-headed ogre
 15042 | D:13     | Noticed a tengu warrior
 15062 | D:13     | Killed a tengu warrior
 15090 | D:13     | Noticed a fire giant
 15101 | D:13     | Killed a fire giant
 15101 | D:13     | Reached skill level 10 in Fighting
 15101 | D:13     | Reached skill level 10 in Armour
 15497 | D:13     | Identified the +6 trident "Ogreslayer" {vorpal, Str+7}
 15497 | D:13     | Noticed a centaur warrior
 15503 | D:13     | Noticed a centaur warrior
 15507 | D:13     | Killed a centaur warrior
 15510 | D:13     | Killed a centaur warrior
 15600 | D:13     | Noticed a centaur warrior
 15615 | D:13     | Killed a centaur warrior
 15642 | D:13     | Reached XP level 13. HP: 103/103 MP: 22/22
 15946 | D:13     | Found a gate to the Vaults.
 16810 | D:14     | Noticed Snorg
 16880 | D:14     | Killed Snorg
 17465 | D:14     | Reached skill level 5 in Summonings
 17810 | D:15     | Entered Level 15 of the Dungeon
 18375 | D:14     | Reached XP level 14. HP: 79/111 MP: 14/24
 19664 | D:15     | Found Tuepe's Distillery.
 19665 | D:15     | Reached skill level 10 in Invocations
 20896 | D:15     | Bought a potion of mutation for 120 gold pieces
 20896 | D:15     | Lost mutation: You are weak. (Str -2) [potion of mutation]
 20896 | D:15     | Lost mutation: You occasionally shout uncontrollably at
                  | your foes. [potion of mutation]
 20896 | D:15     | Gained mutation: You are clumsy. (Dex -2) [potion of
                  | mutation]
 20896 | D:15     | Gained mutation: Your skin changes colour to match your
                  | surroundings (Stealth+). [potion of mutation]
 20896 | D:15     | Gained mutation: You have sharp toenails. [potion of
                  | mutation]
 21099 | D:15     | Paralysed by an orc sorcerer for 4 turns
 21228 | D:15     | Found a staircase to the Depths.
 21233 | Depths:1 | Entered Level 1 of the Depths
 21316 | Depths:1 | Noticed a stone giant
 21334 | Depths:1 | Noticed a brown very ugly thing
 21347 | Depths:1 | Killed a stone giant
 21347 | Depths:1 | Reached skill level 10 in Short Blades
 21347 | Depths:1 | Reached skill level 10 in Throwing
 21347 | Depths:1 | Reached skill level 10 in Dodging
 21347 | Depths:1 | Reached skill level 10 in Shields
 21363 | Depths:1 | Killed a brown very ugly thing
 21366 | Depths:1 | Slain by an enormous slime creature

Illustrated notes

Levels and vault maps discovered:
D:1:      dpeg_arrival_rooms_c, layout_basic, minmay_pentomino_w2
D:2:      layout_rooms
D:3:      layout_basic, serial_bayou_pond_e, lightli_corner_chamber
D:4:      layout_cave_pods, minmay_temple_entry_offerings,
          grunt_dithmenos_smoke, uniq_eustachio, uniq_blork_the_orc, uniq_edmund
D:5:      layout_basic, vehumet_crystals, kennysheep_generic_room_8
D:6:      layout_basic, grunt_gozag_breadcrumbs, kennysheep_small_square
D:7:      lemuel_upstairs_altar, layout_gridville
D:8:      layout_loops_ring, nicolae_tso_swordbearing_angel, okawaru_trees_2,
          enter_bailey_3, uniq_harold
D:9:      layout_layer_cave, grunt_lair_entry_orc_guard_hut, ashenzari_altar_1
D:10:     layout_loops_ring, erik_orc_1, basic_altar
D:11:     layout_loops_cross, chequers_serial_rivers_small_b,
          lemuel_altar_in_water2
D:12:     layout_gridville
D:13:     layout_basic, hangedman_vaults_entry_quadrant_bands,
          minmay_misc_feat_plants, kennysheep_just_a_vault
D:14:     layout_rooms, hangedman_glass_teeth, uniq_snorg
D:15:     grunt_enter_depths_magical_seal, layout_rooms,
          gammafunk_ghost_wrathful_warriors, serial_shops, shop_statue,
          special_room [special_room_mythical_zoo], minmay_misc_feat_ornament
Temple:   dpeg_five_rooms_temple
Depths:1: minmay_open_boxes_in_corner, layout_basic, roderic_lattice_a,
          pf_hell_entry_great_geh, fake_guardian_serpent_vault

Skill      XL: |  1  2  3  4  5  6  7  8  9 10 11 12 13 14 |
---------------+-------------------------------------------+-----
Invocations    | 1 2 3 4 5 6 7 8 9 10 | 10.4
Long Blades    | 1 2 3 4 5 6 7 8 9 |  9.6
Axes           | 1 2 3 4 5 6 7 8 9 |  9.6
Maces & Flails | 1 2 3 4 5 6 7 8 9 |  9.6
Polearms       | 1 2 3 4 5 6 7 8 9 |  9.6
Staves         | 1 2 3 4 5 6 7 8 9 |  9.6
Slings         | 1 2 3 4 5 6 7 8 9 |  9.6
Bows           | 1 2 3 4 5 6 7 8 9 |  9.6
Crossbows      | 1 2 3 4 5 6 7 8 9 |  9.6
Stealth        | 1 2 3 0 |  0.0
Unarmed Combat | 1 2 3 4 5 6 7 8 9 |  9.6
Spellcasting   | 1 2 3 4 5 6 7 8 9 |  9.6
Evocations     | 1 2 3 4 5 6 7 8 9 |  9.6
Conjurations   | 1 2 3 4 0 |  0.0
Hexes          | 1 2 3 4 5 6 7 8 |  8.1
Summonings     | 1 2 3 4 0 2 4 5 6 |  6.3
Necromancy     | 1 2 3 4 5 6 7 8 |  8.1
Translocations | 1 2 3 4 5 6 7 8 |  8.1
Transmutations | 1 2 3 4 0 |  0.0
Fire Magic     | 1 2 3 4 0 |  0.0
Ice Magic      | 1 2 3 4 5 6 7 8 |  8.1
Air Magic      | 1 2 3 4 5 6 7 8 |  8.1
Earth Magic    | 1 2 3 4 5 6 7 8 |  8.1
Poison Magic   | 1 2 3 4 5 6 7 8 |  8.1
Short Blades   | 3 4 5 6 7 8 9 10 | 10.0
Throwing       | 3 4 5 6 7 8 9 10 | 10.0
Dodging        | 3 4 5 6 7 8 9 10 | 10.0
Shields        | 3 4 5 6 7 8 9 10 | 10.0
Fighting       | 7 8 9 10 11 | 11.5
Armour         | 7 8 9 10 11 | 11.5

Action                   |  1- 3 |  4- 6 |  7- 9 | 10-12 | 13-15 || total
-------------------------+-------+-------+-------+-------+-------++-------
Melee: Short sword       |   108 |   132 |   438 |   803 |       ||  1481
       Bite              |    13 |    16 |    78 |   163 |   111 ||   381
       Punch             |       |     3 |     6 |    11 |       ||    20
       Trident           |       |       |       |   247 |   507 ||   754
       Flail             |       |       |       |    10 |   104 ||   114
 Fire: Hunting sling     |    15 |     1 |   110 |    78 |       ||   204
Throw: Dart              |       |       |    34 |       |       ||    34
       Stone             |       |       |       |    10 |       ||    10
Invok: Sacrifice Essence |       |       |     1 |       |       ||     1
       Sacrifice Stealth |       |       |     1 |       |       ||     1
       Sacrifice Resista |       |       |     1 |       |       ||     1
       Draw Out Power    |       |       |       |     2 |       ||     2
       Sacrifice Love    |       |       |       |     1 |       ||     1
       Power Leap        |       |       |       |    13 |     2 ||    15
       Apocalypse        |       |       |       |     5 |    19 ||    24
       Sacrifice Arcana  |       |       |       |     1 |       ||     1
  Use: Scroll            |     2 |     1 |     7 |    12 |       ||    22
       Potion            |       |       |     3 |     5 |     4 ||    12
 Stab: Distracted        |       |       |     2 |     4 |     2 ||     8
       Invisible         |       |       |       |     7 |     3 ||    10
       Paralysed         |       |       |       |     5 |    43 ||    48
Armor: Scale mail        |    66 |    72 |   213 |    12 |       ||   363
       Skin              |       |       |     1 |    48 |       ||    49
       Crystal plate arm |       |       |       |   588 |   401 ||   989
Dodge: Dodged            |    65 |   135 |   475 |   417 |   328 ||  1420
Block: Buckler           |       |       |       |   289 |   310 ||   599
       Reflection        |       |       |       |    17 |    12 ||    29

Table legend: (Time is in decaauts)
 A = Elapsed time spent in this place.
 B = Non-inter-level travel time spent in this place.
 C = Inter-level travel time spent in this place.
 D = Time resting spent in this place.
 E = Time spent auto-exploring this place.
 F = Levels seen in this place.
 G = Mean time per level.
                   A        B        C        D        E       F      G
               +--------+--------+--------+--------+--------+-----+--------+
         Total |  21181 |  20693 |    488 |   6853 |   8269 |  18 | 1176.7 |
       Dungeon |  19296 |  18841 |    455 |   5947 |   8012 |  15 | 1286.4 |
        Temple |    279 |    246 |     33 |      0 |    188 |   1 |  279.0 |
        Depths |    133 |    133 |      0 |      0 |      0 |   1 |  133.0 |
        Bailey |   1472 |   1472 |      0 |    906 |     69 |   1 | 1472.0 |
               +--------+--------+--------+--------+--------+-----+--------+

Top non-repeatable levels by time:
    D:14: 3898 daAuts
    D:13: 1651 daAuts
     D:4: 1556 daAuts
  Bailey: 1472 daAuts
     D:9: 1405 daAuts
    D:10: 1345 daAuts
     D:8: 1239 daAuts
    D:12: 1194 daAuts
     D:7: 1187 daAuts
     D:5: 959 daAuts
     D:1: 950 daAuts
    D:11: 944 daAuts
     D:3: 880 daAuts
    D:15: 835 daAuts
     D:6: 664 daAuts
